 Dungeon Crawl Stone Soup version 0.31-a0-165-g3f4f80340b (webtiles) character file.

Game seed: 13552130521227926763

613 qw the Shooter (level 7, -3/67 HPs)
             Began as a Naga Hunter on June 13, 2023.
             Was an Initiate of Okawaru.
             Slain by a gnoll
             ... wielding a +0 spear
              (8 damage)
             ... on level 4 of the Dungeon.
             The game lasted 00:01:11 (3319 turns).

qw the Shooter (Naga Hunter)                        Turns: 3319, Time: 00:01:12

Health: -3/67      AC:  4    Str: 13    XL:     7   Next: 44%
Magic:  7/7        EV:  9    Int: 10    God:    Okawaru [......]
Gold:   49         SH:  0    Dex: 16    Spells: 6/6 levels left

rFire   . . .        Y - +0 shortbow (heavy)
rCold   . . .        (shield currently unavailable)
rNeg    . . .        c - +0 leather armour
rPois   +            (no helmet)
rElec   .            g - +0 cloak
rCorr   .            (no gloves)
SInv    +            (no barding)
Will    .....        (no amulet)
Stlth   ++           (no ring)
HPRegen 0.31/turn    (no ring)
MPRegen 0.10/turn

%: no passive effects
@: about to teleport, short of breath, very slow
A: AC +2, large, see invisible, deformed body, poison resistance, slowness 2,
spit poison 1, naga tail 1
a: Spit Poison, Renounce Religion


You were on level 4 of the Dungeon.
You worshipped Okawaru.
Okawaru was noncommittal.
You visited 1 branch of the dungeon, and saw 4 of its levels.

You collected 182 gold pieces.
You spent 133 gold pieces at shops.


Innate Abilities, Weirdness & Mutations

Your serpentine skin is tough. (AC +2)
You have supernaturally acute eyesight. (SInv)
Armour fits poorly on your strangely shaped body.
Your system is resistant to poisons. (rPois)
You cover ground very slowly.
You can spit poison.
You have a snake-like lower body.


   Skills:
 - Level 5.1 Fighting
 + Level 6.7 Ranged Weapons
 - Level 1.5 Dodging
 - Level 1.5 Stealth


You had 6 spell levels left.
You didn't know any spells.
Your spell library was empty.

Inventory:

Hand Weapons
 Y - a +0 heavy shortbow (weapon)
Armour
 c - a +0 leather armour (worn)
 g - a +0 cloak (worn)
Jewellery
 b - a ring of ice
Scrolls
 a - 2 scrolls of identify
 e - a scroll of teleportation
Potions
 d - a potion of might
 f - a potion of haste {unknown}
 h - a potion of enlightenment {unknown}
 i - a potion of cancellation {unknown}
 j - 2 potions of mutation {unknown}
 k - 3 potions of curing
 l - a potion of magic {unknown}
 m - a potion of ambrosia {unknown}

Dungeon Overview and Level Annotations

Branches:
Dungeon (4/15)
 Temple: D:4-7

Altars:
Cheibriados
Okawaru
Qazlal
Trog

Shops:
D:4 ?


Message History

You kill the gnoll!
Okawaru accepts your kill.
The gnoll hits you from afar with a +0 spear.
The gnoll barely misses you. The kobold closely misses you.
The hobgoblin closely misses you.
The hobgoblin hits you but does no damage.
The gnoll closely misses you.
The kobold hits you with a +0 short sword.
The gnoll hits you from afar with a +0 spear.
You shoot an arrow. The arrow hits the kobold!
You kill the kobold!
The gnoll hits you from afar with a +0 spear.
The gnoll hits you but does no damage. The hobgoblin completely misses you.
The hobgoblin closely misses you.
The gnoll hits you from afar with a +0 spear.
The gnoll hits you but does no damage.
You shoot an arrow. The arrow closely misses the hobgoblin.
The arrow hits the gnoll.
The gnoll is lightly wounded.
The gnoll barely misses you. The gnoll misses you. The hobgoblin hits you.
You shoot an arrow. The arrow hits the hobgoblin!
You kill the hobgoblin!
Okawaru accepts your kill.
You have got your breath back.
The gnoll hits you from afar with a +0 spear. x4
3317 ||| READING 2 scrolls of teleportation.
As you read the scroll of teleportation, it crumbles to dust.
You feel strangely unstable. The gnoll barely misses you.
The gnoll hits you but does no damage.
3318 ||| INVOKING Spit Poison.
Aiming: Spit Poison (1% risk of failure)
Press: ? - help, Shift-Dir - straight line, f - gnoll The splash of poison hits the gnoll!
The gnoll is heavily wounded.
The gnoll hits you from afar with a +0 spear.
The gnoll closely misses you.
You shoot an arrow. The arrow barely misses the gnoll.
The gnoll hits you from afar with a +0 spear.
The gnoll hits you from afar with a +0 spear!
You die...

##################
#..............#.)
#..............'..
#+##..............###
#......########...... #.g..).#
#...... #gg$))%########......
#'##@.............### #g$
#......).......'.. #~~~~~~~~~#Kg
#).............#.. #~~~~~~~~~#$g
##################
#~~~~~~~~~#####~~~~~~~~~~~~~~~~~
#~~~~~~~~~~~~~~~~~~~~~~~~~~~~~~~
#~~~~~~~~~~~~~~~~~~~~~~~~~~~~~~~
#~..~~~~~~~~.~..~.~...~..~.~...~
#...............................


You could see 2 gnolls and a hobgoblin.

Vanquished Creatures
  Grinder (D:3)
  A phantom (D:4)
  2 scorpions (D:4)
  A gnoll bouda (D:4)
  A hound (D:4)
  A hound zombie (D:3)
  An adder (D:3)
  7 gnolls (D:4)
  A worm (D:3)
  An orc (D:4)
  5 ball pythons
  5 endoplasms
  4 giant cockroaches
  16 goblins
  11 hobgoblins
  6 jackals (D:1)
  5 kobolds
  2 quokkas
  A ball python zombie (D:3)
  5 bats
  2 frilled lizards
  5 rats
84 creatures vanquished.

Notes
Turn   | Place    | Note
-------+----------+-------------------------------------------
     0 | D:1      | qw the Naga Hunter began the quest for the Orb.
     0 | D:1      | Reached XP level 1. HP: 19/19 MP: 1/1
     0 | D:1      | 0 ||| qw: Version: 0.2-a-29-gc1b59c4
     0 | D:1      | 0 ||| qw: Game counter: 4763
     0 | D:1      | 0 ||| qw: Always use a shield: true
     0 | D:1      | 0 ||| qw: God list: Okawaru
     0 | D:1      | 0 ||| qw: Allow faded altars: false
     0 | D:1      | 0 ||| qw: Do Orc after D:15 true
     0 | D:1      | 0 ||| qw: Do second Lair branch before Depths: true
     0 | D:1      | 0 ||| qw: Lair rune preference: random
     0 | D:1      | 0 ||| qw: Plans: Normal
     0 | D:1      | 0 ||| PLANNING D:1-11
    18 | D:1      | 18 ||| INVOKING Spit Poison.
    33 | D:1      | 33 ||| INVOKING Spit Poison.
   118 | D:1      | 118 ||| INVOKING Spit Poison.
   148 | D:1      | 148 ||| INVOKING Spit Poison.
   149 | D:1      | Reached skill level 4 in Ranged Weapons
   149 | D:1      | Reached XP level 2. HP: 26/26 MP: 2/2
   162 | D:1      | 162 ||| INVOKING Spit Poison.
   172 | D:1      | 172 ||| INVOKING Spit Poison.
   176 | D:1      | 176 ||| INVOKING Spit Poison.
   182 | D:1      | 182 ||| INVOKING Spit Poison.
   187 | D:1      | 187 ||| INVOKING Spit Poison.
   193 | D:1      | 193 ||| INVOKING Spit Poison.
   265 | D:1      | 265 ||| INVOKING Spit Poison.
   292 | D:1      | 292 ||| INVOKING Spit Poison.
   302 | D:1      | 302 ||| INVOKING Spit Poison.
   309 | D:1      | Reached XP level 3. HP: 32/32 MP: 3/3
   334 | D:1      | 334 ||| INVOKING Spit Poison.
   340 | D:1      | 340 ||| INVOKING Spit Poison.
   381 | D:1      | Found a faded altar of an unknown god.
   386 | D:1      | 386 ||| INVOKING Spit Poison.
   510 | D:1      | 510 ||| INVOKING Spit Poison.
   584 | D:1      | 584 ||| INVOKING Spit Poison.
   655 | D:1      | 655 ||| READING 2 scrolls labelled OPRELI WUDAEMN.
   656 | D:1      | 656 ||| READING scroll labelled AWEDWE BISY.
   657 | D:1      | 657 ||| READING scroll labelled MIVIJI LUJU.
   661 | D:1      | 661 ||| READING scroll labelled ZUSUOPNOTA.
   762 | D:1      | 762 ||| DROPPING scroll of butterflies.
   793 | D:2      | 793 ||| INVOKING Spit Poison.
   796 | D:2      | 796 ||| INVOKING Spit Poison.
   830 | D:2      | 830 ||| INVOKING Spit Poison.
   835 | D:2      | 835 ||| INVOKING Spit Poison.
  1103 | D:2      | 1103 ||| INVOKING Spit Poison.
  1110 | D:2      | 1110 ||| INVOKING Spit Poison.
  1121 | D:2      | 1121 ||| INVOKING Spit Poison.
  1156 | D:2      | 1156 ||| READING scroll labelled BORCHU KANYSAPE.
  1157 | D:2      | 1157 ||| READING scroll labelled PIVIAWASIE.
  1194 | D:3      | 1194 ||| INVOKING Spit Poison.
  1262 | D:3      | Identified the +1 short sword of Arphil {freeze, rElec rF++
                  | Will+ Dex-3}
  1270 | D:3      | Found a bloodstained altar of Trog.
  1278 | D:3      | Found a stormy altar of Qazlal.
  1287 | D:3      | 1287 ||| INVOKING Spit Poison.
  1288 | D:3      | Reached skill level 5 in Ranged Weapons
  1288 | D:3      | Reached XP level 4. HP: 39/39 MP: 4/4
  1366 | D:3      | 1366 ||| INVOKING Spit Poison.
  1564 | D:3      | 1564 ||| INVOKING Spit Poison.
  1569 | D:3      | 1569 ||| INVOKING Spit Poison.
  1792 | D:3      | Noticed Grinder
  1800 | D:3      | Paralysed by Grinder for 2 turns
  1803 | D:3      | HP: 10/40 [Grinder (1)]
  1804 | D:3      | 1804 ||| READING 3 scrolls of teleportation.
  1989 | D:3      | Killed Grinder
  1990 | D:3      | Reached XP level 5. HP: 37/52 MP: 5/5
  1990 | D:3      | Reached XP level 6. HP: 43/61 MP: 6/6
  2162 | D:3      | 2162 ||| READING scroll labelled JOYXEOLOMUIT.
  2257 | D:3      | 2257 ||| DRINKING 3 sapphire potions.
  2258 | D:3      | 2258 ||| READING 2 scrolls of identify.
  2258 | D:3      | 2258 ||| IDENTIFYING puce potion
  2259 | D:3      | 2259 ||| DROPPING potion of berserk rage.
  2322 | D:4      | 2322 ||| INVOKING Spit Poison.
  2326 | D:4      | 2326 ||| INVOKING Spit Poison.
  2332 | D:4      | 2332 ||| INVOKING Spit Poison.
  2334 | D:4      | HP: 13/61 [gnoll/+0 spear[a gnoll bouda] (4)]
  2335 | D:4      | 2335 ||| READING 3 scrolls of teleportation.
  2336 | D:4      | 2336 ||| INVOKING Spit Poison.
  2520 | D:4      | 2520 ||| INVOKING Spit Poison.
  2524 | D:4      | 2524 ||| INVOKING Spit Poison.
  2530 | D:4      | 2530 ||| INVOKING Spit Poison.
  2534 | D:4      | 2534 ||| INVOKING Spit Poison.
  2537 | D:4      | 2537 ||| INVOKING Spit Poison.
  2695 | D:4      | 2695 ||| INVOKING Spit Poison.
  2703 | D:4      | 2703 ||| INVOKING Spit Poison.
  2706 | D:4      | 2706 ||| INVOKING Spit Poison.
  2712 | D:4      | 2712 ||| INVOKING Spit Poison.
  2715 | D:4      | 2715 ||| INVOKING Spit Poison.
  2722 | D:4      | 2722 ||| INVOKING Spit Poison.
  2785 | D:4      | 2785 ||| INVOKING Spit Poison.
  2795 | D:4      | Found Faolemp's Magic Scroll Shop.
  2798 | D:4      | 2798 ||| BUYING scroll of brand weapon (133 gold).
  2798 | D:4      | Bought a scroll of brand weapon for 133 gold pieces
  2798 | D:4      | 2798 ||| SHOPLISTING scroll of enchant weapon (105 gold,
                  | have 37).
  2798 | D:4      | 2798 ||| READING scroll of brand weapon.
  2798 | D:4      | 2798 ||| BRANDING +0 shortbow.
  2829 | D:4      | 2829 ||| INVOKING Spit Poison.
  2837 | D:4      | Found an iron altar of Okawaru.
  2838 | D:4      | 2838 ||| PLANNING OKAWARU WORSHIP
  2838 | D:4      | 2838 ||| UPGRADING to +0 cloak.
  2843 | D:4      | 2843 ||| READING 2 scrolls of identify.
  2843 | D:4      | 2843 ||| IDENTIFYING black potion
  2849 | D:4      | Became a worshipper of Warmaster Okawaru
  2849 | D:4      | 2849 ||| PLANNING D:1-11
  2850 | D:4      | Identified the +9 hand axe "Hoarr" {drain, *Rage rPois
                  | Will- Int+9}
  2858 | D:4      | 2858 ||| INVOKING Spit Poison.
  2861 | D:4      | 2861 ||| INVOKING Spit Poison.
  2862 | D:4      | Reached skill level 6 in Ranged Weapons
  2862 | D:4      | Reached XP level 7. HP: 64/67 MP: 7/7
  2875 | D:4      | 2875 ||| FLEEEEING.
  3163 | D:4      | Found a snail-covered altar of Cheibriados.
  3207 | D:4      | 3207 ||| INVOKING Spit Poison.
  3233 | D:4      | 3233 ||| INVOKING Spit Poison.
  3254 | D:4      | 3254 ||| INVOKING Spit Poison.
  3263 | D:4      | 3263 ||| INVOKING Spit Poison.
  3268 | D:4      | 3268 ||| INVOKING Spit Poison.
  3271 | D:4      | 3271 ||| INVOKING Spit Poison.
  3302 | D:4      | 3302 ||| INVOKING Spit Poison.
  3305 | D:4      | 3305 ||| Stepping ~*~*~tactically~*~*~ (outnumbered).
  3307 | D:4      | 3307 ||| INVOKING Spit Poison.
  3308 | D:4      | 3308 ||| Stepping ~*~*~tactically~*~*~ (outnumbered).
  3312 | D:4      | 3312 ||| INVOKING Spit Poison.
  3316 | D:4      | HP: 16/67 [gnoll/+0 spear (2)]
  3317 | D:4      | 3317 ||| READING 2 scrolls of teleportation.
  3318 | D:4      | 3318 ||| INVOKING Spit Poison.
  3319 | D:4      | HP: 5/67 [gnoll/+0 spear (6)]
  3319 | D:4      | Slain by a gnoll

Levels and vault maps discovered:
D:1:      lightli_arrival_chessboard, layout_loops_ring,
          chequers_ecumenical_altar_simple
D:2:      layout_rooms
D:3:      layout_loops_corners, nicolae_qazlal_general_emergency, bloody_trog,
          serial_undead, serial_undead_b, serial_undead_d, serial_undead_b,
          serial_undead_d, chequers_decorated_corner, uniq_grinder
D:4:      minmay_goblin_kobold_castle, layout_basic, kennysheep_mini_moat,
          okawaru_ov_weapons_minmay, serial_shops,
          nicolae_shop_tiny_real_fake_doors

Skill      XL: |  1  2  3  4  5  6 |
---------------+-------------------+-----
Ranged Weapons | 4 5 6 |  6.7
Fighting       | 5 |  5.1
Dodging        | |  1.5
Stealth        | |  1.5

Action                     |  1- 3 |  4- 6 |  7- 9 || total
---------------------------+-------+-------+-------++-------
   Fire: Shortbow          |    79 |    95 |    38 ||   212
Ability: Spit Poison       |    27 |    22 |    10 ||    59
    Use: Scroll            |     6 |     6 |     1 ||    13
         Potion            |       |     1 |       ||     1
 Armour: Leather armour    |     3 |     9 |    10 ||    22
  Dodge: Dodged            |    24 |    24 |    26 ||    74

Table legend:
 A = Non-vault XP
 B = Vault XP
 C = Vault XP percentage of total XP
 D = Non-vault monster count
 E = Vault monster count
 F = Vault count percentage of total count
                 A         B        C        D         E       F
            +---------+---------+-------+---------+---------+-------
      Total |     513 |     364 |  41.5 |      62 |      22 |  26.2
            +---------+---------+-------+---------+---------+-------
        D:1 |      51 |       0 |   0.0 |      30 |       0 |   0.0
        D:2 |      18 |       0 |   0.0 |      12 |       0 |   0.0
        D:3 |      23 |     293 |  92.7 |       5 |       3 |  37.5
        D:4 |     421 |      71 |  14.4 |      15 |      19 |  55.9
            +---------+---------+-------+---------+---------+-------
